 Dungeon Crawl Stone Soup version 0.28-a0-657-g71136c5590 (webtiles) character file.

Game seed: 6546288801341081908

63 Sabo the Shield-Bearer (level 4, -4/37 HPs)
             Began as a Formicid Fighter on Oct 13, 2021.
             Was a Plaything of Xom.
             Succumbed to a water moccasin's poison
             ... on level 3 of the Dungeon.
             The game lasted 00:09:13 (1960 turns).

Sabo the Shield-Bearer (Formicid Fighter)           Turns: 1960, Time: 00:09:14

Health: -4/37      AC:  7    Str: 22    XL:     4   Next: 30%
Magic:  4/4        EV:  9    Int:  7    God:    Xom [..*...]
Gold:   93         SH:  4    Dex: 10    Spells: 3/3 levels left

rFire   . . .      SeeInvis +   k - +0 broad axe
rCold   . . .      Faith    .   c - +0 buckler
rNeg    . . .      Spirit   .   b - +0 scale mail
rPois   .          Reflect  .   (helmet unavailable)
rElec   .          Harm     .   (no cloak)
rCorr   .          Rampage  .   (no gloves)
Will    .....                   (no boots)
Stlth   ..........              (no amulet)
HPRegen 0.12/turn               (no ring)
MPRegen 0.09/turn               (no ring)

@: mighty, lethally poisoned (-4 -> -29)
A: permanent stasis, dig shafts and tunnels, antennae 3, four strong arms
a: Dig, Shaft Self, Renounce Religion


You were on level 3 of the Dungeon.
You worshipped Xom.
You were a toy of Xom.
You visited 1 branch of the dungeon, and saw 3 of its levels.

You collected 93 gold pieces.

Inventory:

Hand Weapons
 k - a +0 broad axe (weapon)
Missiles
 h - 24 bolts
 m - 20 arrows
 o - 3 poisoned darts
Armour
 b - a +0 scale mail (worn)
 c - a +0 buckler (worn)
Wands
 n - a wand of polymorph (11)
Scrolls
 e - a scroll of identify {unknown}
 f - a scroll of enchant armour {unknown}
 g - a scroll of teleportation {unknown}
 i - a scroll of blinking {unknown}
 j - a scroll of amnesia {unknown}
Potions
 a - 3 potions of lignification {unknown}
 l - a potion of berserk rage {unknown}


   Skills:
 + Level 3.7 Fighting
 + Level 1.6(2.3) Axes
 + Level 2.4(2.7) Maces & Flails
 + Level 3.8 Armour
 + Level 0.3 Dodging
 + Level 4.0 Shields


You had 3 spell levels left.
You didn't know any spells.
Your spell library contained the following spells:

 Spells                   Type           Power      Damage    Failure   Level
 Summon Small Mammal      Summ           0%         N/A       75%         1
 Call Canine Familiar     Summ           0%         N/A       98%         3
 Inner Flame              Hex/Fire       0%         N/A       98%         3
 Summon Guardian Golem    Hex/Summ       0%         N/A       98%         3
 Cause Fear               Hex            0%         N/A       100%        4
 Discord                  Hex            0%         N/A       100%        8


Dungeon Overview and Level Annotations

Branches:
Dungeon (3/15)

Altars:
Xom
Beogh


Innate Abilities, Weirdness & Mutations

You cannot be hasted, slowed, berserked, paralysed or teleported.
You can dig through walls and to a lower floor.
You have a pair of large antennae on your head. (SInv)
Your four strong arms can wield two-handed weapons with a shield.


Message History

o - 3 poisoned darts You feel sick.
You are no longer poisoned.
You start resting.
HP restored.
There is an open door here.
You open the door.
A water moccasin comes into view.
There is an open door here.
You miss the water moccasin. You block the water moccasin's attack.
The water moccasin bites you. You block the water moccasin's attack.
You barely miss the water moccasin. The water moccasin barely misses you.
The water moccasin closely misses you.
You slash the water moccasin!
The water moccasin is moderately wounded.
The water moccasin barely misses you. The water moccasin bites you.
You closely miss the water moccasin.
The water moccasin is moderately wounded.
The water moccasin bites you.
The water moccasin bites you but does no damage.
You miss the water moccasin.
The water moccasin is moderately wounded.
The water moccasin bites you.
The water moccasin bites you but does no damage.
You hit the water moccasin but do no damage.
The water moccasin is moderately wounded.
The water moccasin bites you!
You are lethally poisoned!
The water moccasin poisons you! The water moccasin bites you.
* * * LOW HITPOINT WARNING * * *
You are more poisoned.
The water moccasin poisons you!
You feel very mighty all of a sudden.
* * * LOW HITPOINT WARNING * * *
You feel extremely sick. You block the water moccasin's attack.
You slash the water moccasin!
The water moccasin is severely wounded.
You die...
Xom guffaws!

+... ...
#...#####...
#...........
#...........
#...........
...........
#......... ......
#.@S......
......####.........
..........#'####...
.........#.## .
###.......#..#
..........##.#
..........##.#
..........##'###
...............#


You could see a water moccasin.

Vanquished Creatures
  An adder (D:2)
  A worm (D:2)
  4 orcs (D:2)
  3 bats
  2 endoplasms (D:1)
  2 giant cockroaches
  2 goblins
  7 hobgoblins
  2 jackals (D:2)
  3 quokkas
  6 ball pythons
  4 frilled lizards
  3 kobolds
  4 rats
44 creatures vanquished.

Notes
Turn   | Place    | Note
-------+----------+-------------------------------------------
     0 | D:1      | Sabo the Formicid Fighter began the quest for the Orb.
     0 | D:1      | Reached XP level 1. HP: 18/18 MP: 1/1
   232 | D:1      | Reached XP level 2. HP: 20/24 MP: 2/2
   887 | D:1      | Reached XP level 3. HP: 29/29 MP: 3/3
  1280 | D:2      | Found a faded altar of an unknown god.
  1283 | D:2      | Prayed at the altar of an unknown god.
  1283 | D:2      | Became a worshipper of Xom of Chaos
  1340 | D:2      | Reached skill level 1 in Axes
  1343 | D:2      | Reached XP level 4. HP: 36/36 MP: 4/4
  1467 | D:2      | Reached skill level 4 in Shields
  1650 | D:2      | XOM: silly message
  1950 | D:3      | Noticed a water moccasin
  1960 | D:3      | Succumbed to a water moccasin's poison

Illustrated notes

Levels and vault maps discovered:
D:1:      dpeg_arrival_solitude, layout_loops_ring, chequers_jeans
D:2:      kennysheep_big_flooded_room, layout_rooms,
          hellmonk_ecumenical_altar_defaced_shrine
D:3:      layout_basic, grunt_ministairs_7

Skill      XL: |  1  2  3  4 |
---------------+-------------+-----
Axes           | 1 |  1.6
Shields        | 4 |  4.0
Fighting       | |  3.7
Maces & Flails | |  2.4
Armour         | |  3.8
Dodging        | |  0.3

Action                   |  1- 3 |  4- 6 || total
-------------------------+-------+-------++-------
Melee: Flail             |    32 |       ||    32
       Broad axe         |    48 |    39 ||    87
 Abil: Dig               |     4 |     5 ||     9
  Use: Potion            |       |     1 ||     1
Armor: Scale mail        |    41 |    18 ||    59
Dodge: Dodged            |    34 |    21 ||    55
Block: Buckler           |    27 |    12 ||    39

Table legend: (Time is in decaauts)
 A = Elapsed time spent in this place.
 B = Non-inter-level travel time spent in this place.
 C = Inter-level travel time spent in this place.
 D = Time resting spent in this place.
 E = Time spent auto-exploring this place.
 F = Levels seen in this place.
 G = Mean time per level.
                   A        B        C        D        E       F      G
               +--------+--------+--------+--------+--------+-----+--------+
         Total |   2027 |   2027 |      0 |    476 |      0 |   3 |  675.7 |
       Dungeon |   2027 |   2027 |      0 |    476 |      0 |   3 |  675.7 |
               +--------+--------+--------+--------+--------+-----+--------+

Top non-repeatable levels by time:
     D:1: 1019 daAuts
     D:2: 790 daAuts
     D:3: 217 daAuts
